Map: Romanticide LE

Players

JaxHawk

  • Race: Terran Terran
  • Spawn Location: 11:00

ViBE - Winner!

  • Race: Terran Terran
  • League: Bronze
  • Spawn Location: 5:00

VOD

https://www.youtube.com/watch?v=VjhJ7E-kFgw&list=PLFeZeom2b4DnD3FIu7pzkXl51JX_WWz2h&index=2

Description

Time

  • Played on: March 10, 2021, 6:37 p.m.
  • Length: 17:06
Show
View Real Time Build Order
Export as new Build Order

JaxHawk Terran 

Build Orders:  

Get SALT Encoding   

  12  0:10  Refinery  
  12  0:22  Refinery  
  12  0:32  SCV  
  13  0:43  Supply Depot  
  13  0:44  SCV  
  14  0:56  SCV  
  15  1:05  Supply Depot  
  15  1:08  SCV  
  16  1:31  Supply Depot  
  16  1:33  SCV  
  17  1:45  SCV  
  18  1:50  Barracks  
  18  1:57  SCV  
  19  2:05  Barracks  
  19  2:09  SCV  
  20  2:21  SCV  
  21  2:33  Engineering Bay  
  21  2:34  SCV  
  22  2:39  Supply Depot  
  22  2:46  SCV  
  23  2:58  SCV  
  24  3:02  Supply Depot  
  24  3:09  Barracks Reactor  
  24  3:16  Barracks Reactor  
  24  3:25  Sensor Tower  
  24  3:36  Supply Depot, Missile Turret  
  24  3:40  SCV  
  25  3:52  SCV  
  25  3:53  Missile Turret  
  26  4:02  Missile Turret  
  26  4:04  SCV  
  26  4:05  Reaper x2  
  29  4:10  Marine  
  29  4:11  Marine  
  31  4:28  Marine  
  31  4:29  Marine  
  33  4:34  Missile Turret  
  33  4:37  Reaper x2  
  35  4:45  Factory  
  35  4:46  Marine x2  
  35  4:50  Missile Turret  
  37  5:00  Missile Turret  
  37  5:04  Marine x2  
  39  5:09  Reaper x2  
  41  5:22  Marine x2  
  43  5:39  Marine  
  43  5:40  Marine  
  43  5:41  Reaper  
  43  5:42  Reaper  
  45  6:13  Reaper  
  45  6:14  Reaper  
  47  6:20  Command Center  
  47  6:23  Reaper  
  47  6:24  Reaper  
  49  6:45  Reaper  
  49  6:46  Reaper  
  51  6:55  Reaper  
  51  6:56  Reaper  
  51  7:03  Factory Tech Lab  
  51  7:11  Factory  
  51  7:14  SCV  
  52  7:17  Reaper  
  52  7:18  Reaper  
  54  7:26  SCV  
  54  7:28  Reaper x2  
  57  7:48  SCV  
  57  7:49  Starport  
  58  7:57  Siege Tank  
  61  8:00  Reaper x2, SCV  
  64  8:07  Missile Turret  
  64  8:10  Refinery  
  64  8:12  SCV  
  65  8:20  Refinery  
  65  8:25  SCV  
  66  8:29  Starport Reactor  
  66  8:32  Reaper  
  67  8:36  Sensor Tower  
  67  8:37  SCV  
  68  8:48  Marine  
  68  8:49  Marine x2, SCV  
  68  8:53  Siege Tank  
  75  9:01  SCV  
  76  9:03  Factory Tech Lab  
  76  9:04  Marine  
  76  9:06  Marine  
  76  9:09  Starport  
  78  9:20  Supply Depot  
  78  9:23  Supply Depot  
  78  9:25  Supply Depot  
  78  9:27  Supply Depot  
  78  9:30  Supply Depot  
  78  9:41  Marine x4  
  78  9:42  Siege Tank  
  85  9:47  Siege Tank  
  88  9:55  Starport Tech Lab  
  88  10:07  Starport  
  88  10:10  SCV  
  89  10:22  SCV  
  89  10:27  Orbital Command  
  90  10:34  SCV  
  91  10:42  Siege Tank  
  94  10:57  Fusion Core  
  94  11:00  Starport Tech Lab  
  75  11:39  Marine x2  
  77  11:45  Medivac  
  79  11:57  Marine x2  
  79  11:59  Banshee  
  84  12:14  Viking x2  
  84  12:15  Medivac  
  90  12:37  Starport  
  82  13:16  Battlecruiser  
  82  13:19  Starport Reactor  
  83  13:27  Marine x2  
  80  13:45  Marine x2  
  80  13:46  Missile Turret  
  77  14:03  Marine x2  
  77  14:05  Missile Turret  
  70  14:36  Supply Depot  
  70  14:54  Command Center  
  70  15:52  Siege Tank x2  
Show
View Real Time Build Order
Export as new Build Order

ViBE Terran - Winner!

Build Orders:  

Get SALT Encoding   

  12  0:00  SCV  
  13  0:12  SCV  
  14  0:19  Supply Depot  
  14  0:24  SCV  
  15  0:40  SCV  
  16  0:42  Barracks  
  16  0:47  Refinery  
  16  0:52  SCV  
  17  1:04  SCV  
  18  1:16  SCV  
  19  1:30  Marine, Orbital Command  
  20  1:43  Command Center  
  20  1:48  Marine  
  20  1:53  Supply Depot  
  21  1:57  SCV  
  22  2:06  Marine  
  23  2:13  Factory  
  23  2:14  SCV  
  24  2:24  Marine  
  24  2:26  SCV  
  26  2:38  Supply Depot  
  26  2:39  SCV  
  26  2:42  Marine  
  28  2:51  SCV  
  29  2:57  Orbital Command  
  29  3:03  SCV  
  29  3:04  Barracks Reactor  
  30  3:06  Factory Tech Lab  
  30  3:08  Barracks  
  30  3:13  Refinery  
  30  3:21  SCV  
  30  3:25  SCV  
  32  3:33  SCV  
  33  3:34  Siege Tank  
  33  3:37  SCV  
  37  3:42  Marine x2  
  37  3:45  SCV  
  40  3:49  SCV  
  41  3:57  SCV, Barracks Tech Lab, Starport  
  41  4:01  Marine, SCV  
  41  4:02  Marine  
  45  4:09  SCV, Siege Tank  
  49  4:13  SCV  
  50  4:17  Marine  
  50  4:19  Marine  
  50  4:20  Marine  
  50  4:22  SCV  
  54  4:32  SCV  
  54  4:33  Supply Depot  
  54  4:35  Supply Depot, SCV  
  56  4:40  Marine x2  
  56  4:41  Marine  
  56  4:44  SCV  
  60  4:54  Siege Tank  
  60  4:55  Starport Reactor  
  60  4:59  SCV x2  
  65  5:03  Supply Depot  
  65  5:11  SCV x2  
  67  5:15  Marine  
  67  5:16  Marine x2, Command Center  
  70  5:26  SCV x2, Siege Tank  
  75  5:33  Marine x2  
  75  5:34  Marine  
  78  5:38  SCV  
  78  5:39  SCV  
  78  5:41  Refinery  
  78  5:42  Refinery  
  80  5:47  Supply Depot  
  80  5:48  Supply Depot  
  79  5:50  SCV  
  79  5:51  Supply Depot, SCV  
  81  6:02  Marine  
  81  6:03  Marine x2, SCV x2  
  85  6:08  Medivac x2  
  85  6:10  Engineering Bay  
  89  6:13  Engineering Bay  
  89  6:23  SCV  
  89  6:24  SCV  
  91  6:39  SCV  
  93  6:40  SCV  
  93  6:42  Terran Infantry Weapons Level 1  
  93  6:43  Terran Infantry Armor Level 1  
  93  6:44  Marine x3  
  93  6:46  Medivac x2  
  100  6:47  Stimpack  
  100  6:51  SCV  
  101  6:55  SCV  
  101  6:57  Orbital Command  
  102  7:04  SCV  
  102  7:07  SCV  
  104  7:10  Marine  
  104  7:11  Marine x2  
  107  7:26  SCV x2  
  107  7:27  SCV  
  110  7:35  Supply Depot x2  
  110  7:37  Supply Depot  
  110  7:38  Supply Depot  
  110  7:43  SCV x3  
  113  7:51  Command Center  
  113  7:54  Marine x3  
  113  7:55  SCV x3, Medivac  
  113  7:56  Medivac  
  123  8:06  Barracks x3  
  123  8:07  Barracks  
  123  8:08  Barracks  
  123  8:09  Barracks  
  123  8:18  SCV x3  
  126  8:20  Refinery  
  126  8:22  Refinery  
  126  8:50  Combat Shield  
  126  8:51  Armory  
  126  8:54  Medivac x2  
  130  8:57  Barracks Reactor x5  
  130  8:58  Barracks Reactor  
  130  9:08  Command Center  
  130  9:09  Marine x3  
  133  9:14  SCV x3  
  136  9:27  Marine x2  
  138  9:40  Marine  
  138  9:41  Marine x12  
  138  9:44  Marine  
  152  9:46  Planetary Fortress  
  152  10:01  Marine  
  152  10:02  Marine x14, Supply Depot x2  
  152  10:04  Supply Depot  
  167  10:08  Medivac x2  
  167  10:11  SCV  
  172  10:15  Supply Depot x2  
  172  10:19  Marine x3  
  172  10:20  Marine x10, SCV x2  
  187  10:23  Marine x2  
  189  10:37  Marine  
  189  10:38  Medivac x2  
  194  10:48  Command Center  
  194  10:49  Terran Infantry Armor Level 2, Terran Infantry Weapons Level 2  
  194  10:51  Terran Vehicle Weapons Level 1, Command Center  
  194  11:01  Marine x4  
  194  11:02  Marine x2  
  199  11:21  Planetary Fortress  
  199  11:23  SCV x2  
  200  11:48  Starport  
  200  11:59  Barracks  
  200  12:00  Barracks x3  
  200  12:03  Barracks x2  
  200  12:04  Barracks  
  200  12:06  Barracks  
  200  12:07  Barracks  
  200  12:08  Barracks  
  200  12:19  Barracks  
  200  12:20  Barracks x3  
  200  12:23  Planetary Fortress  
  200  12:25  Command Center  
  199  13:00  Barracks  
  199  13:05  Starport Reactor  
  197  13:28  Barracks Tech Lab x2  
  197  13:30  Barracks Tech Lab  
  197  13:31  Barracks Tech Lab  
  197  13:33  Barracks Reactor x10  
  197  13:44  Terran Infantry Armor Level 3, Terran Infantry Weapons Level 3  
  197  13:45  Terran Vehicle Weapons Level 2  
  197  13:48  Barracks Reactor  
  197  13:51  Concussive Shells  
  126  14:15  Command Center  
  105  14:18  SCV x5  
  105  14:19  SCV  
  104  14:29  Marauder x5  
  104  14:30  SCV  
  115  14:32  Marine x8  
  115  14:33  Marine x28  
  151  14:38  Medivac  
  151  14:39  Medivac x3  
  159  14:50  Marine x14, Marauder  
  159  14:51  Marine x3, Marauder x4  
  186  15:06  Planetary Fortress  
  186  15:08  Medivac  
  186  15:09  Medivac x3  
  194  15:20  Marine x6  
  164  16:15  Marauder  
  164  16:16  Marine x2, Marauder x4, Command Center  
  161  16:19  Marine x5  
  161  16:20  Marine x28  
  161  16:21  Marine  
  161  16:22  Medivac  
  161  16:23  Medivac  
  199  16:34  Marine  
Tags
 
League
Bronze
Matchup
TvT
Player
ViBE
Race
Terran
Replay Pack
Bronze_League
Spawn Locations
Cross Positions
Add a new tag
Caveats
  • Supply blocks, unpowered buildings, or Contaminate may cause inaccurate times.
  • Supply counts are checked every 10 seconds.